 Dungeon Crawl Stone Soup version 0.23.2-33-g5129a83184 (webtiles) character file.

Game seed: 3499433145672316022

87 esteth the Skirmisher (level 4, -4/37 HPs)
             Began as a Demonspawn Chaos Knight on June 28, 2019.
             Was a Plaything of Xom.
             Slain by a steam dragon (10 damage)
             ... on level 3 of the Dungeon.
             The game lasted 00:03:42 (1620 turns).

esteth the Skirmisher (Demonspawn Chaos Knight)     Turns: 1620, Time: 00:03:43

Health: -4/37      AC:  5    Str: 11 (12) XL:     4   Next: 28%
Magic:  4/4        EV: 11    Int: 11 (14) God:    Xom [....*.]
Gold:   126        SH:  0    Dex: 11 (13) Spells: 3/3 levels left

rFire    . . .     SeeInvis .   a - +0 hand axe (chaos)
rCold    . . .     Gourm    .   (no shield)
rNeg     . . .     Faith    .   b - +2 leather armour
rPois    .         Spirit   .   (no helmet)
rElec    .         Reflect  .   (no cloak)
rCorr    .         Harm     .   (no gloves)
MR       .....                  (no boots)
Stlth    +++.......             (no amulet)
HPRegen  0.12/turn              k - ring of attention (curse)
MPRegen  0.09/turn              i - ring of stealth (curse)

@: cleaving
A: nightstalker 2
a: Renounce Religion


You were on level 3 of the Dungeon.
You worshipped Xom.
You were a beloved toy of Xom.
You were hungry.

You visited 1 branch of the dungeon, and saw 3 of its levels.

You collected 126 gold pieces.

Inventory:

Hand Weapons
 a - a +0 hand axe of chaos (weapon)
Missiles
 q - 46 stones (quivered)
Armour
 b - a +2 leather armour (worn)
Jewellery
 d - an uncursed ring of protection from fire
 i - a cursed ring of stealth (right hand)
 k - a cursed ring of attention (left hand)
 l - an uncursed ring of protection from cold {unknown}
Scrolls
 f - a scroll of identify
 h - a scroll of amnesia {unknown}
 j - a scroll of fog
 m - a scroll of enchant armour {unknown}
 o - a scroll of remove curse {unknown}
 p - a scroll of teleportation
Comestibles
 c - 2 rations
 g - 11 chunks of flesh


   Skills:
 + Level 3.7 Fighting
 - Level 3.1 Axes
 - Level 2.4 Armour
 - Level 1.7 Dodging
 + Level 1.0 Stealth


You had 3 spell levels left.
You didn't know any spells.
Your spell library was empty.

Dungeon Overview and Level Annotations

Branches:
Dungeon (3/15)

Altars:
Ru


Innate Abilities, Weirdness & Mutations

You are significantly more attuned to the shadows.


Message History

Okay, then.
It was a potion of heal wounds.
You feel much better.
The steam dragon bites you but does no damage.
The steam dragon claws you.
It was a potion of curing.
You feel better.
Xom roars with laughter!
The steam dragon bites you. The steam dragon barely misses you.
A goblin comes into view.
You hit the steam dragon but do no damage. "Serve the toy, my child!"
The steam dragon breathes steam at you. The ball of steam hits you!!
Ouch! That really hurt!
* * * LOW HITPOINT WARNING * * *
A shower of butterflies erupts from you!
The goblin hits your butterfly.
Your butterfly dies!
The steam dragon bites you!
You die...
Xom is highly amused!

#........#รท######.
.######........## ##
.....<.###.##### #
.#####.# #.# # #.#
#..# ## #.# #.# ##. #
#5# #.### #.. ##g##b#
#.#.## #...
....b@####....####....
....Dbbb.........+....
##.#######....## ....
# #.#.## ... ##.### ..
#..# . #.## # #.# #
#.# ##########


You could see a steam dragon, a goblin and a friendly shadow imp.

Vanquished Creatures
  An adder (D:2)
  2 oozes (D:1)
  2 worms (D:2)
  A dart slug (D:3)
  5 leopard geckos
  4 orcs (D:3)
  6 bats
  3 giant cockroaches
  4 hobgoblins
  5 kobolds
  A quokka (D:3)
  9 frilled lizards
  4 goblins
  7 rats
54 creatures vanquished.

Notes
Turn   | Place    | Note
-------+----------+-------------------------------------------
     0 | D:1      | esteth the Demonspawn Chaos Knight began the quest for the
                  | Orb.
     0 | D:1      | Reached XP level 1. HP: 18/18 MP: 1/1
    91 | D:1      | Reached skill level 1 in Dodging
   164 | D:1      | Gained mutation: You are slightly more attuned to the
                  | shadows. [demonic ancestry]
   164 | D:1      | Reached XP level 2. HP: 13/24 MP: 2/2
   317 | D:1      | XOM: divination: detect items
   341 | D:1      | XOM: harmless Conj miscast
   509 | D:1      | Gained mutation: You are significantly more attuned to the
                  | shadows. [demonic ancestry]
   509 | D:1      | Reached XP level 3. HP: 29/29 MP: 3/3
   879 | D:2      | XOM: harmless Chrm miscast
  1286 | D:3      | Found a sacrificial altar of Ru.
  1302 | D:3      | Reached XP level 4. HP: 27/36 MP: 4/4
  1330 | D:3      | XOM: divination: detect items
  1332 | D:3      | XOM: god gift: 27 stones
  1425 | D:3      | XOM: smoke on damage
  1434 | D:3      | Reached skill level 1 in Stealth
  1612 | D:3      | Noticed a steam dragon
  1612 | D:3      | a worm changed into a steam dragon
  1616 | D:3      | XOM: cleaving
  1620 | D:3      | XOM: summons friendly shadow imp
  1620 | D:3      | XOM: butterfly on damage
  1620 | D:3      | Slain by a steam dragon

Skill      XL: |  1  2  3  4 |
---------------+-------------+-----
Dodging        | 1 |  1.7
Armour         | 2 |  2.4
Axes           | 3 |  3.1
Stealth        | 1 |  1.0
Fighting       | |  3.7

Action                   |  1- 3 |  4- 6 || total
-------------------------+-------+-------++-------
Melee: Hand axe          |   119 |    45 ||   164
  Use: Scroll            |     2 |       ||     2
       Potion            |       |     3 ||     3
 Stab: Sleeping          |     8 |     2 ||    10
       Distracted        |     1 |       ||     1
  Eat: Chunk             |     1 |     1 ||     2
Armor: Leather armour    |    49 |    18 ||    67
Dodge: Dodged            |    95 |    16 ||   111
